 Dungeon Crawl Stone Soup version 0.32-a0-695-g7accb7e (webtiles) character file.

Game seed: 8747255647140484916

93 Toastz the Cudgeller (level 4, 0/72 HPs)
             Began as an Oni Gladiator on Mar 12, 2024.
             Was an Initiate of Makhleb.
             Slain by Grinder (5 damage)
             ... on level 3 of the Dungeon.
             The game lasted 00:03:01 (1606 turns).

Toastz the Cudgeller (Oni Gladiator)                Turns: 1606, Time: 00:03:01

Health: 0/72       AC: 22    Str: 19    XL:     4   Next: 61%
Magic:  4/4        EV:  1    Int:  8    God:    Makhleb [......]
Gold:   34         SH:  0    Dex: 14    Spells: 3/3 levels left

rFire   + . .        a - +0 flail
rCold   + . .        (no shield)
rNeg    . . .        b - melded +0 robe
rPois   +            c - melded +0 hat
rElec   +            (cloak currently unavailable)
rCorr   +            (gloves unavailable)
SInv    .            (boots unavailable)
Will    .....        (no amulet)
Stlth   +            (no ring)
HPRegen 0.32/turn    (no ring)
MPRegen 0.09/turn

%: no passive effects
@: tree-form, resistant, invisible
A: stationary, stasis, torment immunity, boosted hp, large, unfitting armour,
(horns 1), (tough skin 1), double potion healing, drunken brawling, (fangs 1),
agile 1
a: Renounce Religion


You were on level 3 of the Dungeon.
You worshipped Makhleb.
Makhleb was noncommittal.
You were a tree.
You visited 1 branch of the dungeon, and saw 3 of its levels.

You collected 34 gold pieces.

Inventory:

Hand Weapons
 a - a +0 flail (weapon)
Missiles
 d - 3 throwing nets
 e - a large rock
 n - 4 javelins
 r - 9 boomerangs (quivered)
Armour
 b - a +0 robe (melded)
 c - a +0 hat (melded)
Wands
 p - a wand of flame (18)
Scrolls
 i - a scroll of teleportation {unknown}
 j - a scroll of amnesia {unknown}
 l - a scroll of identify {unknown}
 m - 2 scrolls of enchant weapon {unknown}
 o - a scroll of noise {unknown}
 q - a scroll of fog {unknown}
Potions
 f - a potion of lignification
 g - a potion of mutation
 k - a potion of resistance


   Skills:
 + Level 3.8 Fighting
 * Level 4.2 Maces & Flails
 - Level 2.0 Throwing
 + Level 3.3 Dodging


You had 3 spell levels left.
You didn't know any spells.
Your spell library contained the following spells:

 Spells                   Type           Power      Damage    Failure   Level
 Kiss of Death            Conj/Necr      0%         2d5       41%         1
 Confusing Touch          Hex            0%         N/A       78%         3
 Dispel Undead            Necr           0%         3d6       99%         4


Dungeon Overview and Level Annotations

Branches:
Dungeon (3/15)

Altars:
Makhleb

Annotations:
D:3 Grinder, Robin


Innate Abilities, Weirdness & Mutations

You are a tree.
Your roots penetrate the ground, keeping you stationary.
You cannot be teleported.
You are immune to unholy pain and torment.
Your maximum health is greatly increased.
Your equipment is partially melded.
You are too large for most types of armour.
((You have a pair of small horns on your head.))
((You have tough skin. (AC +1)))
You gain doubled healing and magic from potions.
Whenever you drink a healing potion, you attack all around you.
((You have very sharp teeth.))
You are agile. (Dex +4, Str/Int -1)


Message History

The goblin hits you but does no damage.
You closely miss the goblin.
The hobgoblin hits you but does no damage.
The goblin hits you but does no damage.
You sock the goblin!
You kill the goblin!
Makhleb accepts your kill.
The hobgoblin hits you but does no damage.
A goblin comes into view. It is wielding a +0 club.
Grinder gestures at you. You resist with significant effort.
You barely miss the hobgoblin. The hobgoblin completely misses you.
You completely miss the hobgoblin.
The hobgoblin no longer looks unusually strong.
The hobgoblin hits you but does no damage.
Grinder blinks!
You hit Grinder.
Grinder is lightly wounded.
The hobgoblin hits you but does no damage.
Robin roars a battlecry!
The hobgoblins go into a battle-frenzy!
Grinder hits you but does no damage. The hobgoblin hits you.
* * * LOW HITPOINT WARNING * * *
Grinder hits you but does no damage.
You hit Grinder.
Grinder is lightly wounded.
The hobgoblin hits you but does no damage.
Grinder hits you but does no damage.
It was a potion of invisibility.
You fade into invisibility!
The hobgoblin hits you but does no damage.
Grinder hits you but does no damage.
You sock Grinder!
Grinder is heavily wounded.
The hobgoblin hits you but does no damage.
Grinder hits you.
* * * LOW HITPOINT WARNING * * *
You writhe in agony.
You die...
Grinder sighs, "Dead already?
I want a refund."

#<##.##.##########
#.#..............#
#.##.##.##.##.##.#
#.......##.#
####.#####<# #.#
#†# #.# #.# #5#
..5 #♣# ..... #g#
.......
#g##.......#
#g##.......#
#K##.......# ..#
###


You could see Grinder (unable to see you), Robin (unable to see you), 2
hobgoblins and a kobold (unable to see you).

Vanquished Creatures
  Jessica (D:2)
  2 adders (D:2)
  An orc (D:2)
  A bat (D:1)
  4 endoplasms
  4 giant cockroaches
  13 goblins
  4 hobgoblins
  A quokka (D:2)
  6 frilled lizards
  3 kobolds
  3 rats
43 creatures vanquished.

Notes
Turn   | Place    | Note
-------+----------+-------------------------------------------
     0 | D:1      | Toastz the Oni Gladiator began the quest for the Orb.
     0 | D:1      | Reached XP level 1. HP: 22/22 MP: 1/1
   193 | D:1      | Reached XP level 2. HP: 27/29 MP: 2/2
   644 | D:2      | Noticed Jessica
   654 | D:2      | Reached XP level 3. HP: 15/37 MP: 3/3
   741 | D:2      | Killed Jessica
   869 | D:2      | Reached skill level 4 in Maces & Flails
   889 | D:2      | Reached XP level 4. HP: 31/45 MP: 4/4
  1398 | D:2      | Found a burning altar of Makhleb.
  1412 | D:2      | Identified the +5 dagger of Esijou {freeze, rCorr SInv}
  1415 | D:2      | Became a worshipper of Makhleb the Destroyer
  1520 | D:3      | Noticed Grinder
  1578 | D:3      | Noticed Robin
  1595 | D:3      | Gained mutation: You are agile. (Dex +4, Str/Int -1)
                  | [potion of mutation]
  1595 | D:3      | Gained mutation: You have very sharp teeth. [potion of
                  | mutation]
  1595 | D:3      | HP: 1/48 [goblin/+0 club[Robin] (3)]
  1606 | D:3      | Slain by Grinder

Illustrated notes

Levels and vault maps discovered:
D:1:      dpeg_arrival_simpleton_a, layout_rooms,
          nicolae_kite_square_tiling_tiny
D:2:      layout_rooms, basic_altar, st_stairs_11, supply_closet_lemuel,
          uniq_jessica
D:3:      gammafunk_wand_slinger, layout_loops_cross, general_overflow_altar,
          ebering_ecumenical_altar_mist, uniq_terence, uniq_grinder,
          uniq_crazy_yiuf_cottage, uniq_sigmund, uniq_robin

Skill      XL: |  1  2  3 |
---------------+----------+-----
Fighting       | 3 |  3.8
Dodging        | 3 |  3.3
Maces & Flails | 4 |  4.2
Throwing       | |  2.0

Action                     |  1- 3 |  4- 6 || total
---------------------------+-------+-------++-------
  Melee: Flail             |    71 |    59 ||   130
         Headbutt          |     9 |     7 ||    16
    Use: Potion            |       |     5 ||     5
 Armour: Robe              |    60 |    59 ||   119
         Skin              |       |    19 ||    19
  Dodge: Dodged            |    40 |    28 ||    68

Table legend: (Time is in decaauts)
 A = Elapsed time spent in this place.
 B = Non-inter-level travel time spent in this place.
 C = Inter-level travel time spent in this place.
 D = Time resting spent in this place.
 E = Time spent auto-exploring this place.
 F = Levels seen in this place.
 G = Mean time per level.
                   A        B        C        D        E       F      G
               +--------+--------+--------+--------+--------+-----+--------+
         Total |   1636 |   1556 |     80 |    509 |    714 |   3 |  545.3 |
       Dungeon |   1636 |   1556 |     80 |    509 |    714 |   3 |  545.3 |
               +--------+--------+--------+--------+--------+-----+--------+

Top non-repeatable levels by time:
     D:2: 859 daAuts
     D:1: 704 daAuts
     D:3: 72 daAuts
